 Dungeon Crawl Stone Soup version 0.29.1-2-gbd0b4ee654 (webtiles) character file.

Game seed: 7041572751393994335

58415 whiskeysaurus the Warrior (level 14, -1/211 HPs)
             Began as a Minotaur Fighter on Oct 27, 2022.
             Was the Champion of Okawaru.
             Slain by Rupert
             ... wielding a +2 great mace of venom
              (22 damage)
             ... on level 4 of the Lair of Beasts on Oct 28, 2022.
             The game lasted 01:50:57 (14873 turns).

whiskeysaurus the Warrior (Minotaur Fighter)       Turns: 14873, Time: 01:50:58

Health: -1/211     AC: 34    Str: 25    XL:     14   Next: 49%
Magic:  11/17      EV:  2    Int:  5    God:    Okawaru [******]
Gold:   1330       SH: 13    Dex: 11    Spells: 13/13 levels left

rFire   . . .      SeeInvis +   I - +3 war axe (flame)
rCold   . . .      Faith    .   u - +0 kite shield {AC+3}
rNeg    . . .      Spirit   .   (body armour currently unavailable)
rPois   +          Reflect  .   (helmet currently unavailable)
rElec   .          Harm     .   (cloak currently unavailable)
rCorr   .          Rampage  .   (gloves currently unavailable)
Will    +....      NoTele   +   (boots currently unavailable)
Stlth   +++.......              H - amulet of regeneration
HPRegen 1.25/turn               Y - ring of see invisible
MPRegen 0.15/turn               U - +4 ring of protection

@: tree-form, heroic, finesse-ful
A: stationary, stasis, torment immunity, boosted hp, (horns 2), (retaliatory
headbutt)
a: Renounce Religion, Heroism, Finesse, Duel


You were on level 4 of the Lair of Beasts.
You worshipped Okawaru.
Okawaru was exalted by your worship.
You were a tree.
You visited 3 branches of the dungeon, and saw 16 of its levels.
You also visited: Bailey and Gauntlet.

You collected 1343 gold pieces.
You spent 13 gold pieces at shops.

Inventory:

Hand Weapons
 t - a +3 war axe
 B - the +5 whip of the Pure Wars {spect, rN+ Will+ Int+5}
   (You found it on level 4 of the Dungeon)

   When its wielder attacks, the weapon's spirit leaps out and strikes again.
   The spirit shares a part of any damage it takes with its wielder.
   Int:       It affects your intelligence (+5).
   rN:        It protects you from negative energy.
   Will:      It increases your willpower.
 I - a +3 war axe of flaming (weapon)
 Q - a +0 broad axe of freezing
Missiles
 f - 3 curare-tipped darts
 z - 5 silver boomerangs
 A - 2 throwing nets
 C - 6 atropa-tipped darts
 R - 6 javelins (quivered)
Armour
 s - the +1 cloak of Wariness (melded) {rElec Dex+4}
   (You found it in a Gauntlet)

   Dex:       It affects your dexterity (+4).
   rElec:     It insulates you from electricity.
 u - a +0 kite shield of protection (worn)
 v - the +0 pair of gloves "Wobebb" (melded) {rF++ Will- rCorr Str+4}
   (You found it on level 2 of the Lair of Beasts)

   Str:       It affects your strength (+4).
   rF:        It greatly protects you from fire.
   rCorr:     It protects you from acid and corrosion.
   Will:      It decreases your willpower.
 x - a scarf of repulsion
 O - a +3 plate armour (melded)
 S - a +2 pair of boots of rampaging (melded)
 V - a +3 kite shield
Jewellery
 c - a ring of poison resistance
 o - a ring of resist corrosion
 H - an amulet of regeneration (around neck)
 T - a ring of flight
 U - a +4 ring of protection (right branch)
 W - a ring of protection from cold
 Y - a ring of see invisible (left branch)
Wands
 a - a wand of flame (46)
 m - a wand of digging (8)
 K - a wand of acid (8)
 X - a wand of roots (5)
Scrolls
 e - 2 scrolls of teleportation
 g - 2 scrolls of identify
 j - 5 scrolls of fear
 k - 6 scrolls of magic mapping
 p - 5 scrolls of immolation
 r - 2 scrolls of silence
 G - a scroll of enchant armour
 L - 3 scrolls of acquirement
 P - 2 scrolls of brand weapon
Potions
 b - 3 potions of magic
 d - 8 potions of might
 h - a potion of resistance
 l - a potion of mutation {unknown}
 n - 3 potions of lignification
 q - a potion of curing
 D - 2 potions of brilliance {unknown}
 F - a potion of haste {unknown}
 J - 2 potions of ambrosia
 M - 4 potions of flight {unknown}
 N - a potion of invisibility
Miscellaneous
 w - a condenser vane
 Z - a lightning rod (4/4)


   Skills:
 + Level 17.8(22.8) Fighting
 + Level 17.7(22.7) Axes
 + Level 5.7(10.7) Throwing
 - Level 3.6(8.6) Armour
 + Level 11.9(16.9) Shields
 - Level 6.0 Invocations
 - Level 4.2 Evocations


You had 13 spell levels left.
You didn't know any spells.
Your spell library contained the following spells:

 Spells                   Type           Power      Damage    Failure   Level
 Beastly Appendage        Tmut           0%         N/A       65%         1
 Slow                     Hex            0%         N/A       65%         1
 Blink                    Tloc           0%         N/A       78%         2
 Static Discharge         Conj/Air       0%         3-3/arc   78%         2
 Wereblood                Tmut           0%         N/A       78%         2
 Confusing Touch          Hex            0%         N/A       95%         3
 Inner Flame              Hex/Fire       0%         N/A       95%         3
 Lesser Beckoning         Tloc           0%         N/A       95%         3
 Portal Projectile        Hex/Tloc       0%         N/A       95%         3
 Spider Form              Tmut/Pois      0%         N/A       95%         3
 Vampiric Draining        Necr           0%         2d6       95%         3
 Cause Fear               Hex            0%         N/A       100%        4
 Blade Hands              Tmut           0%         N/A       100%        5
 Lightning Bolt           Conj/Air       0%         1d11      100%        5
 Manifold Assault         Tloc           0%         N/A       100%        5
 Discord                  Hex            0%         N/A       100%        8
 Maxwell's Capacitive Co  Air            0%         ∞         100%        8
 Tukima's Dance           Hex            Unusable   N/A       N/A         3

Dungeon Overview and Level Annotations

Branches:
Dungeon (10/15)            Temple (1/1) D:5            Lair (5/5) D:9
  Snake (0/4) Lair:2       Bailey (visited)         Gauntlet (visited)
  Swamp: Lair:2-3    Shoals: Lair:2-3     Slime: Lair:4-5       Orc: D:9-12

Altars:
Elyvilon
Fedhas
Gozag
Okawaru
Ru
Sif Muna
Yredelemnul
Zin

Shops:
D:8 ([

Annotations:
D:6 1 runed translucent door
Lair:4 Rupert


Innate Abilities, Weirdness & Mutations

You are a tree.
Your roots penetrate the ground, keeping you stationary.
You cannot be teleported.
You are immune to unholy pain and torment.
Your maximum health is greatly increased.
Your equipment is partially melded.
((You have a pair of horns on your head.))
((You reflexively headbutt those who attack you in melee.))


Message History

You no longer feel able to rampage towards enemies.
Your roots penetrate the ground.
You feel extremely sick. You block Rupert's attack. x2
You slice Rupert!! You burn Rupert.
Rupert is almost dead.
You feel very sick.
You barely miss Rupert.
Rupert is almost dead.
You feel sick.
Rupert hits you with a +2 great mace of venom!
* * * LOW HITPOINT WARNING * * *
You are lethally poisoned!
You closely miss Rupert.
Rupert is almost dead.
* * * LOW HITPOINT WARNING * * *
You feel very sick.
You feel better.
Rupert hits you with a +2 great mace of venom!
* * * LOW HITPOINT WARNING * * *
Rupert hits you with a +2 great mace of venom!
* * * LOW HITPOINT WARNING * * *
You are poisoned.
Okay, then.
You feel better. Rupert hits you but does no damage.
You are poisoned.
Okay, then.
You feel better.
Rupert hits you with a +2 great mace of venom.
* * * LOW HITPOINT WARNING * * *
Rupert hits you but does no damage.
You are poisoned.
Okay, then.
You feel better.
Rupert hits you with a +2 great mace of venom.
* * * LOW HITPOINT WARNING * * *
You barely miss Rupert.
Rupert is almost dead.
Rupert hits you with a +2 great mace of venom!!
You die...

#..P ###..)..##..#.#..P# ##+
#....##........#
##....###...#...#
#.....###...###.#
#+##......#.##.# #.#
#..##....###.#.###.##
.P#...#....#.....##...#
.....................##
........@♣...........##
......................#
....................>## ...
..P..................# ......
#..P#.......P.###....#
.....###..##........##.###..#
.....##............#.....'..#
.....##............+.....#..##
......#...#........PP........#


You could see Rupert (berserk).

Vanquished Creatures
  A dire elephant (Lair:5)
  A minotaur (Gauntlet)
  2 hydras
  A merfolk avatar (Lair:5)
  Erica (D:8)
  A two-headed ogre (D:10)
  A catoblepas (Lair:1)
  An orc high priest (Bailey)
  Sonja (Lair:1)
  Amaemon (Lair:1)
  2 sea snakes (Lair:5)
  A harpy (Lair:5)
  A worldbinder (Gauntlet)
  A manticore (Lair:5)
  A cyclops (D:9)
  16 elephants
  An ice statue (Lair:2)
  5 black mambas
  A guardian serpent (Lair:2)
  Joseph (D:7)
  Maggie (D:6)
  An orange demon (Lair:1)
  2 gargoyles (D:10)
  4 cane toads (Lair:5)
  A torpor snail (Gauntlet)
  5 rime drakes
  A kobold demonologist (Bailey)
  8 komodo dragons
  2 ice devils
  A wind drake (Lair:5)
  6 polar bears
  6 blink frogs
  2 hornets
  4 snapping turtles (Lair:5)
  Sigmund (D:2)
  A shadow (D:10)
  A ynoxinul (Gauntlet)
  A wraith (D:10)
  5 wyverns
  36 yaks
  2 basilisks (Lair:5)
  4 steam dragons
  8 water moccasins
  4 ice beasts
  14 orc warriors
  2 sky beasts (D:7)
  A black bear (Lair:1)
  A boggart (Gauntlet)
  An ogre (D:3)
  20 wolves
  2 centaurs
  2 phantoms
  9 bullfrogs
  A kobold brigand (D:9)
  3 gnoll sergeants
  A necrophage (D:5)
  5 scorpions
  8 wights
  4 killer bees (D:10)
  7 electric eels
  A howler monkey (D:9)
  4 iron imps (Gauntlet)
  7 orc priests
  6 hounds
  Crazy Yiuf (D:2)
  2 gnoll boudas
  8 iguanas
  14 orc wizards
  The ghost of Bombi the Ducker, a weakling SpWn (D:6)
  Robin (D:2)
  24 gnolls
  13 adders
  A river rat (D:6)
  A shadow imp (D:6)
  8 white imps
  3 worms
  4 dart slugs
  37 orcs
  4 endoplasms
  5 giant cockroaches
  29 goblins
  14 hobgoblins
  A jackal (D:8)
  4 quokkas
  13 ball pythons
  5 bats
  5 frilled lizards
  11 kobolds
  10 rats
  A butterfly (Lair:1)
467 creatures vanquished.

Vanquished Creatures (others)
  A bush (Lair:5)
  29 fungi
  66 plants
96 creatures vanquished.

Grand Total: 563 creatures vanquished

Notes
Turn   | Place    | Note
-------+----------+-------------------------------------------
     0 | D:1      | whiskeysaurus the Minotaur Fighter began the quest for the
                  | Orb.
     0 | D:1      | Reached XP level 1. HP: 19/19 MP: 0/0
   460 | D:1      | Reached XP level 2. HP: 27/27 MP: 1/1
  1054 | D:1      | Reached XP level 3. HP: 34/34 MP: 2/2
  1358 | D:2      | Noticed Robin
  1372 | D:2      | Killed Robin
  1373 | D:2      | Reached XP level 4. HP: 17/41 MP: 3/3
  1602 | D:2      | Noticed Sigmund
  1622 | D:2      | Killed Sigmund
  1623 | D:2      | Reached skill level 5 in Axes
  1623 | D:2      | Reached XP level 5. HP: 34/50 MP: 4/4
  1745 | D:2      | Found a faded altar of an unknown god.
  1845 | D:2      | Found a runed translucent door.
  1846 | D:2      | Noticed Crazy Yiuf
  2164 | D:2      | Killed Crazy Yiuf
  2165 | D:2      | Reached XP level 6. HP: 49/58 MP: 5/5
  2716 | D:3      | Reached XP level 7. HP: 36/66 MP: 6/6
  4350 | D:4      | Identified the +5 whip of the Pure Wars {spect, rN+ Will+
                  | Int+5}
  4353 | D:4      | Identified the +2 leather armour of Ferocious Beauty {*Slow
                  | rElec rPois rF-}
  4560 | D:5      | Entered Level 5 of the Dungeon
  4746 | D:4      | Reached XP level 8. HP: 69/75 MP: 7/7
  5040 | D:5      | Found a staircase to the Ecumenical Temple.
  5062 | Temple   | Entered the Ecumenical Temple
  5072 | Temple   | Became a worshipper of Warmaster Okawaru
  5352 | D:5      | Reached skill level 10 in Fighting
  5656 | D:6      | Reached skill level 10 in Axes
  5735 | D:6      | Found a runed translucent door.
  5741 | D:6      | Noticed Bombi's ghost (weakling SpWn)
  5775 | D:6      | Reached * piety under Okawaru
  5776 | D:6      | Reached XP level 9. HP: 32/86 MP: 8/8
  5848 | D:6      | Found a runed translucent door.
  5876 | D:6      | Noticed Maggie
  5894 | D:6      | Killed Maggie
  6093 | D:6      | Reached ** piety under Okawaru
  6098 | D:6      | Killed Bombi's ghost
  6328 | D:7      | Noticed Joseph
  7230 | D:7      | Killed Joseph
  7270 | D:7      | Reached *** piety under Okawaru
  7425 | D:8      | Noticed Erica
  7436 | D:8      | Killed Erica
  7437 | D:8      | Reached XP level 10. HP: 51/100 MP: 9/9
  7516 | D:8      | Found a flagged portal.
  7535 | Bailey   | Entered a bailey
  7782 | Bailey   | Found an iron altar of Okawaru.
  7782 | Bailey   | Noticed an orc high priest
  7786 | Bailey   | Noticed a soul eater
  7787 | Bailey   | Reached **** piety under Okawaru
  7793 | Bailey   | Killed an orc high priest
  7808 | Bailey   | Identified the +2 robe of Intuition {Harm Rampage rC+
                  | Will+}
  8498 | D:8      | Reached ***** piety under Okawaru
  8652 | D:8      | Found Kihil's Antique Armour Shop.
  8858 | D:8      | Found Joigobask's Weapon Boutique.
  8866 | D:8      | Bought 2 stones for 2 gold pieces
  8866 | D:8      | Bought 6 stones for 7 gold pieces
  8866 | D:8      | Bought 4 stones for 4 gold pieces
  9081 | D:9      | Noticed a cyclops
  9095 | D:9      | Killed a cyclops
  9096 | D:9      | Reached XP level 11. HP: 111/111 MP: 7/10
  9672 | D:9      | Found a staircase to the Lair.
  9764 | D:10     | Entered Level 10 of the Dungeon
  9797 | D:10     | Reached skill level 15 in Fighting
  9878 | D:10     | Reached skill level 1 in Invocations
 10033 | D:10     | Reached skill level 15 in Axes
 10182 | D:10     | Noticed a two-headed ogre
 10199 | D:10     | Killed a two-headed ogre
 10289 | D:10     | Reached ****** piety under Okawaru
 10373 | D:10     | Found a blossoming altar of Fedhas.
 10373 | D:10     | Found a basalt altar of Yredelemnul.
 10510 | D:10     | Identified the +1 robe "Oddys" {Regen+ Dex+3} (Okawaru
                  | gifted it to you on level 10 of the Dungeon)
 10510 | D:10     | Received a gift from Okawaru
 10665 | Lair:1   | Entered Level 1 of the Lair of Beasts
 10699 | Lair:1   | Noticed Amaemon
 10737 | Lair:1   | Killed Amaemon
 10796 | Lair:1   | Noticed a seven-headed hydra
 10808 | Lair:1   | Killed a seven-headed hydra
 10922 | Lair:1   | Noticed a catoblepas
 10954 | Lair:1   | Killed a catoblepas
 11093 | Lair:1   | Reached skill level 5 in Invocations
 11132 | Lair:1   | Reached XP level 12. HP: 122/122 MP: 14/14
 11327 | Lair:1   | Noticed Sonja
 11335 | Lair:1   | Killed Sonja
 11854 | Lair:2   | Reached skill level 1 in Evocations
 12057 | Lair:2   | Found a gate leading to a gauntlet.
 12072 | Gauntlet | Entered a Gauntlet
 12072 | Gauntlet | Found a transporter.
 12072 | Gauntlet | Found a transporter.
 12072 | Gauntlet | Found a transporter.
 12078 | Gauntlet | Found a transporter.
 12079 | Gauntlet | Found a transporter.
 12086 | Gauntlet | Found a transporter.
 12086 | Gauntlet | Noticed a green death
 12100 | Gauntlet | Found a transporter.
 12108 | Gauntlet | Found a transporter.
 12128 | Gauntlet | Found a transporter.
 12130 | Gauntlet | Found a large runed translucent door.
 12131 | Gauntlet | Found a large runed translucent door.
 12132 | Gauntlet | Found a large runed translucent door.
 12132 | Gauntlet | Found a large runed translucent door.
 12133 | Gauntlet | Found a runed translucent gate.
 12134 | Gauntlet | Found a transporter.
 12134 | Gauntlet | Found a runed translucent gate.
 12135 | Gauntlet | Found a runed translucent gate.
 12136 | Gauntlet | Found a large runed translucent door.
 12136 | Gauntlet | Found a large runed translucent door.
 12137 | Gauntlet | Found a large runed translucent door.
 12138 | Gauntlet | Found a large runed translucent door.
 12147 | Gauntlet | Found a large runed translucent door.
 12147 | Gauntlet | Found a large runed translucent door.
 12147 | Gauntlet | Found a runed translucent door.
 12147 | Gauntlet | Found a runed translucent door.
 12148 | Gauntlet | Found a large runed translucent door.
 12149 | Gauntlet | Found a large runed translucent door.
 12151 | Gauntlet | Found a transporter.
 12205 | Gauntlet | Found a transporter.
 12242 | Gauntlet | Found a large runed translucent door.
 12243 | Gauntlet | Found a large runed translucent door.
 12244 | Gauntlet | Found a large runed translucent door.
 12244 | Gauntlet | Found a large runed translucent door.
 12401 | Gauntlet | Identified the +1 cloak of Wariness {rElec Dex+4}
 12475 | Gauntlet | Received a gift from Okawaru
 12539 | Gauntlet | Received a gift from Okawaru
 12543 | Gauntlet | Reached XP level 13. HP: 130/130 MP: 16/16
 12599 | Gauntlet | Identified the +1 plate armour "Ipha" {*Slow rPois Str+5
                  | Int+3}
 12599 | Gauntlet | Noticed a minotaur
 12624 | Gauntlet | Killed a minotaur
 12710 | Lair:2   | Found a staircase to the Snake Pit.
 12719 | Lair:2   | Reached skill level 1 in Throwing
 12919 | Lair:2   | Reached skill level 10 in Shields
 12939 | Lair:2   | Received a gift from Okawaru
 12971 | Lair:2   | Identified the +0 pair of gloves "Wobebb" {rF++ Will- rCorr
                  | Str+4}
 13042 | Lair:3   | You fall into a shaft and drop 2 floors!
 13042 | Lair:5   | Entered Level 5 of the Lair of Beasts
 13044 | Lair:5   | Noticed a dire elephant
 13426 | Lair:5   | Killed a dire elephant
 13427 | Lair:5   | Reached XP level 14. HP: 101/140 MP: 15/17
 13627 | Lair:5   | Received a gift from Okawaru
 13912 | Lair:5   | Reached skill level 5 in Throwing
 14238 | Lair:5   | Identified the +4 rapier of the Five Interlopers {vorpal,
                  | rC+}
 14323 | Lair:5   | Paralysed by a hornet for 1 turns
 14456 | Lair:5   | Identified the +4 ring mail "Yzugebb" {Fly rF+ Str+2}
                  | (Okawaru gifted it to you on level 5 of the Lair of Beasts)
 14456 | Lair:5   | Received a gift from Okawaru
 14826 | Lair:4   | Noticed Rupert
 14869 | Lair:4   | HP: 5/211 [Rupert/+2 great mace of venom (11)]
 14873 | Lair:4   | Slain by Rupert

Illustrated notes

Levels and vault maps discovered:
D:1:      amcnicky_arrival_underground_garden, layout_basic,
          minmay_split_cup_large
D:2:      layout_rooms, shapermc_ecumenical_altar_petra, minmay_misc_feat_x,
          uniq_robin, uniq_crazy_yiuf_cottage, uniq_sigmund
D:3:      layout_basic, minmay_pentangle
D:4:      layout_rooms, corexii_item_surrounded_by_moat
D:5:      minmay_polygon_palace, layout_rooms,
          mainiacjoe_overflow_large_starburst, minmay_temple_entry_mini_moons
D:6:      layout_gridville, ebering_ghost_sewer_f, uniq_maggie
D:7:      layout_layer_cave, uniq_joseph
D:8:      layout_cave_pools, enter_bailey_2, serial_shops,
          nicolae_shop_bloodbath_and_beyond, serial_gnoll_camp,
          gnoll_camp_mini_hut, gnoll_camp_mini_shop, gnoll_camp_mini_basic,
          gnoll_camp_mini_house, amethyst_killhole, uniq_erica
D:9:      layout_roguey
D:10:     layout_irregular_city, mainiacjoe_overflow_divided_tiny
Temple:   compressed_dpeg_circular_temple
Lair:1:   layout_chaotic_city, nicolae_lair_grazing_beasts
          [nicolae_sub_lair_graze_edge, nicolae_sub_lair_graze_edge,
          nicolae_sub_lair_graze_edge, nicolae_sub_lair_graze_edge],
          lemuel_fruit_fields, uniq_amaemon, uniq_sonja
Lair:2:   dragon1_lemuel, layout_misc_corridors, minmay_snake_entry_spellcaster,
          gauntlet_entry_generic, nicolae_quartered_pool_little, ice2_lemuel
Lair:3:   layout_hall_layers, swamp_mist, nicolae_volcano_entry_hallway,
          basic_altar, st_stairs_7, nicolae_lair_liquid_snakes,
          grunt_megastairs_2
Lair:4:   layout_regular_city, slime_entry_1, disabler_island, uniq_rupert
Lair:5:   gammafunk_lair_ancient_temple, layout_regular_city,
          serial_bayou_pond_a, hibernation_bobbens, infiniplex_staircase_pool

Skill      XL: |  1  2  3  4  5  6  7  8  9 10 11 12 13 14 |
---------------+-------------------------------------------+-----
Fighting       | 4 6 7 8 10 12 14 16 17 | 17.8
Axes           | 3 4 5 6 8 10 12 14 15 16 17 | 17.7
Invocations    | 5 6 |  6.0
Evocations     | 4 |  4.2
Shields        | 9 10 11 | 11.9
Throwing       | 3 5 |  5.7
Armour         | |  3.6

Action                   |  1- 3 |  4- 6 |  7- 9 | 10-12 | 13-15 || total
-------------------------+-------+-------+-------+-------+-------++-------
Melee: War axe           |    61 |    74 |   307 |   428 |   376 ||  1246
       Headbutt          |     8 |     6 |    61 |   122 |    99 ||   296
       Hand axe          |       |       |    15 |       |       ||    15
       Broad axe         |       |       |       |    23 |       ||    23
       Morningstar       |       |       |       |    30 |       ||    30
       Whip              |       |       |       |       |     5 ||     5
Throw: Stone             |       |     4 |    12 |     5 |       ||    21
       Dart              |       |     2 |     2 |       |       ||     4
       Javelin           |       |       |       |       |     6 ||     6
Invok: Heroism           |       |       |     2 |     8 |     6 ||    16
       Finesse           |       |       |       |     1 |     4 ||     5
Evoke: Wand              |       |       |       |       |     1 ||     1
  Use: Scroll            |       |       |     3 |    13 |    11 ||    27
       Potion            |       |       |       |     1 |    12 ||    13
Armor: Scale mail        |    29 |       |       |       |       ||    29
       Chain mail        |       |    40 |   122 |       |       ||   162
       Plate armour      |       |       |    24 |   198 |   316 ||   538
       Swamp dragon scal |       |       |    21 |       |       ||    21
       Skin              |       |       |       |       |     2 ||     2
Dodge: Dodged            |    35 |    18 |   121 |    81 |   106 ||   361
Block: Buckler           |    15 |     9 |    58 |    32 |       ||   114
       Kite shield       |       |       |       |   160 |   243 ||   403
